Map: Ephemeron LE

Players

Mez - Winner!

  • Race: Terran Terran
  • League: Master
  • Spawn Location: 5:00

Predators

  • Race: Protoss Protoss
  • League: Master
  • Spawn Location: 11:00

VOD

Have the link to the VOD?

Description

Time

  • Played on: Aug. 23, 2019, 7:30 p.m.
  • Length: 10:32
Show
View Real Time Build Order
Export as new Build Order

Mez Terran - Winner!

Build Orders: Reaper Expand 

Get SALT Encoding   

  12  0:01  SCV  
  13  0:13  SCV  
  14  0:17  Supply Depot  
  14  0:25  SCV  
  15  0:39  SCV  
  15  0:40  Barracks  
  16  0:46  Refinery  
  16  0:51  SCV  
  17  1:03  SCV  
  18  1:15  SCV  
  19  1:28  Orbital Command  
  19  1:29  Reaper  
  20  1:41  Command Center  
  20  1:53  Bunker  
  20  1:54  SCV  
  20  1:59  Supply Depot  
  21  2:11  SCV  
  21  2:12  Marine  
  23  2:24  SCV  
  24  2:36  Barracks Reactor  
  24  2:37  Command Center  
  24  2:38  SCV  
  25  2:47  Barracks  
  25  2:52  SCV  
  25  2:53  Orbital Command  
  26  3:02  Barracks  
  26  3:06  SCV  
  27  3:14  Marine x2  
  27  3:19  SCV  
  30  3:24  SCV  
  30  3:31  SCV  
  30  3:33  Marine x2, Engineering Bay  
  33  3:34  Barracks Tech Lab  
  33  3:36  SCV  
  34  3:43  SCV  
  34  3:48  SCV  
  36  3:49  Orbital Command  
  36  3:52  Barracks Tech Lab  
  36  3:53  Stimpack  
  36  3:54  Marine  
  36  3:55  Marauder, Marine  
  40  4:05  Terran Infantry Weapons Level 1  
  40  4:07  SCV x2  
  42  4:11  Marine  
  43  4:18  Supply Depot, SCV  
  43  4:19  SCV  
  43  4:20  Refinery  
  43  4:21  Refinery, Marine x3  
  48  4:28  SCV  
  48  4:30  SCV  
  48  4:31  SCV  
  51  4:33  Marine  
  52  4:40  Supply Depot, SCV  
  52  4:41  Factory  
  52  4:42  SCV  
  52  4:43  SCV  
  55  4:48  Marine x3  
  55  4:51  Marine  
  55  4:52  SCV  
  60  4:58  Bunker  
  60  5:02  SCV x2  
  60  5:03  Combat Shield  
  60  5:04  Supply Depot  
  62  5:09  Refinery, Marine  
  62  5:10  Marine  
  64  5:15  Barracks x2  
  64  5:19  Marauder x2  
  64  5:20  SCV x2  
  69  5:22  SCV  
  69  5:28  Starport, Factory Reactor  
  70  5:30  Marine x2  
  72  5:42  Supply Depot  
  72  5:46  Marauder x2  
  72  5:47  Concussive Shells  
  76  5:54  Supply Depot  
  76  6:02  Barracks Reactor  
  76  6:04  Barracks Tech Lab  
  76  6:11  Medivac, Factory Reactor  
  76  6:12  Supply Depot, Medivac  
  76  6:15  Terran Infantry Armor Level 1  
  76  6:16  Marine x4  
  84  6:18  Orbital Command  
  84  6:22  Supply Depot  
  84  6:29  Marauder  
  86  6:33  Marine  
  86  6:34  Marauder  
  86  6:37  Marauder  
  86  6:39  Ghost Academy  
  91  6:43  SCV  
  91  6:44  SCV x2  
  91  6:46  Medivac x2  
  98  6:51  Widow Mine, Marauder  
  102  6:55  Marine x4  
  102  6:58  SCV x3  
  109  7:07  Supply Depot, Marauder  
  109  7:08  Marauder, Supply Depot  
  113  7:10  SCV  
  113  7:12  Supply Depot  
  114  7:16  Medivac  
  114  7:18  SCV  
  117  7:28  Marauder, Medivac, SCV x2, Marine x2  
  117  7:29  Marine x2  
  125  7:30  Marauder  
  128  7:38  Marauder  
  128  7:41  Widow Mine x2  
  134  7:46  Marine x2  
  134  7:50  Marauder  
  114  8:02  Marauder x2, Marine x2  
  114  8:04  Marine  
  108  8:10  Marine  
  108  8:11  Marauder  
  108  8:13  Liberator x2  
  108  8:16  SCV x3  
  108  8:18  Refinery, Barracks x3  
  108  8:19  Supply Depot, Refinery  
  111  8:20  Supply Depot  
  111  8:21  Supply Depot  
  111  8:23  Marauder x2, Marine  
  111  8:24  Marine x2  
  118  8:28  SCV x2  
  118  8:29  Widow Mine  
  118  8:30  Widow Mine  
  118  8:32  SCV  
  131  8:37  Enhanced Shockwaves  
  131  8:40  SCV  
  132  8:47  Supply Depot x2  
  132  8:53  Ghost  
  132  8:54  Ghost  
  132  8:55  Ghost  
  136  8:56  Marine x3  
  141  9:14  Barracks Tech Lab x3  
  141  9:16  Marine x2  
  143  9:23  Marauder x2  
  150  9:26  Medivac  
  150  9:29  Marine x2  
  150  9:30  Marauder, Armory  
  153  9:31  Engineering Bay  
  153  9:33  Supply Depot, Command Center  
  149  9:44  Marauder  
  135  10:09  Marauder x2, Marine x5  
  135  10:10  Marine  
Show
View Real Time Build Order
Export as new Build Order

Predators Protoss 

Build Orders: 1 Gate Expand, Blink Stalkers, Zealot Archon 

Get SALT Encoding   

  12  0:00  Probe  
  13  0:12  Probe  
  14  0:17  Pylon  
  14  0:24  Probe  
  15  0:32  Probe  
  15  0:37  Gateway  
  15  0:40  Probe  
  16  0:46  Assimilator  
  17  0:51  Probe  
  18  0:59  Probe  
  19  1:07  Probe  
  19  1:17  Probe  
  20  1:24  Cybernetics Core  
  21  1:34  Nexus  
  21  1:39  Assimilator  
  21  1:45  Pylon  
  21  1:49  Probe  
  22  1:57  Stalker  
  22  2:01  Probe  
  23  2:03  Warp Gate  
  25  2:13  Probe  
  26  2:23  Stalker  
  26  2:28  Probe, Twilight Council  
  28  2:40  Probe  
  28  2:42  Probe  
  29  2:51  Probe  
  30  2:52  Probe  
  30  2:54  Stalker  
  34  3:01  Probe  
  34  3:04  Probe  
  36  3:06  Blink  
  36  3:13  Probe  
  36  3:16  Probe  
  38  3:24  Probe  
  38  3:26  Gateway x2  
  38  3:29  Probe  
  38  3:32  Probe  
  40  3:39  Pylon  
  40  3:41  Probe  
  42  3:42  Probe  
  42  3:44  Robotics Facility  
  43  3:53  Probe  
  43  3:54  Probe  
  45  3:56  Pylon  
  45  4:05  Probe  
  45  4:06  Probe  
  45  4:07  Assimilator  
  45  4:08  Sentry  
  45  4:09  Assimilator  
  49  4:14  Pylon  
  49  4:17  Probe  
  49  4:18  Probe  
  49  4:21  Pylon, Stalker  
  49  4:22  Stalker  
  55  4:28  Observer  
  55  4:29  Probe  
  55  4:30  Probe  
  58  4:39  Pylon  
  58  4:41  Probe  
  58  4:43  Observer, Probe  
  58  4:44  Stalker  
  58  4:45  Stalker  
  64  4:46  Stalker  
  67  4:53  Probe  
  67  4:57  Observer  
  68  5:06  Immortal  
  72  5:08  Gateway  
  72  5:09  Gateway  
  72  5:12  Gateway  
  72  5:15  Charge  
  72  5:16  Gateway  
  72  5:35  Sentry  
  74  5:40  Nexus  
  74  5:41  Probe  
  75  5:44  Observer  
  75  5:45  Immortal  
  79  5:51  Forge  
  79  5:56  Forge  
  79  5:59  Pylon  
  79  6:01  Probe x2  
  81  6:04  Protoss Ground Weapons Level 1  
  81  6:13  Pylon, Probe x2  
  83  6:20  Protoss Ground Armor Level 1  
  83  6:24  Immortal  
  87  6:25  Probe  
  87  6:30  Templar Archives  
  88  6:33  Zealot  
  88  6:34  Zealot x2  
  88  6:38  Probe x2  
  96  6:45  Shield Battery  
  96  6:46  Probe x2  
  96  6:49  Probe  
  96  6:54  Probe x2  
  99  6:57  Probe  
  101  7:02  Pylon  
  101  7:06  Photon Cannon  
  101  7:08  Assimilator  
  102  7:12  Assimilator  
  102  7:13  Pylon  
  102  7:15  Zealot  
  104  7:18  Zealot x5  
  114  7:23  Psionic Storm  
  110  7:39  High Templar x2  
  110  7:40  High Templar x2  
  110  7:41  Zealot x3  
  110  7:44  Pylon  
  124  7:45  Archon  
  124  7:46  Archon  
  100  8:01  Zealot x3  
  94  8:09  Probe x2  
  94  8:12  Robotics Bay  
  96  8:14  Observer  
  96  8:17  Robotics Facility  
  96  8:22  High Templar  
  96  8:23  High Templar x3  
  96  8:26  Nexus  
  104  8:27  Pylon, Probe  
  104  8:28  Pylon  
  104  8:30  Pylon  
  105  8:49  Pylon  
  105  8:55  Colossus, Gateway  
  105  8:56  Colossus, Gateway  
  105  8:59  Gateway  
  105  9:06  Pylon  
  117  9:12  Probe x3  
  117  9:14  Pylon  
  120  9:21  Zealot x4  
  129  9:24  Probe x2  
  129  9:28  Zealot  
  129  9:29  Zealot x2  
  132  9:45  Stalker  
  132  9:46  Stalker x3  
  137  9:56  Zealot x3  
  143  10:06  Archon  
  113  10:11  Stalker x5  
  113  10:12  Stalker  
  79  10:23  Zealot x4  
Tags
 
Add a new tag
Caveats
  • Supply blocks, unpowered buildings, or Contaminate may cause inaccurate times.
  • Supply counts are checked every 10 seconds.